 Dungeon Crawl Stone Soup version 0.31.0-9-g3a7656b989 (webtiles) character file.

Game seed: 6579816057753159322

29751 sanka the Brawler (level 13, -6/190 HPs)
             Began as a Troll Monk on Jan 24, 2024.
             Was a High Priest of Okawaru.
             Mangled by Agnes
             ... wielding a +0 lajatang
              (16 damage)
             ... on level 14 of the Dungeon.
             The game lasted 00:23:32 (10803 turns).

sanka the Brawler (Troll Monk)                     Turns: 10803, Time: 00:23:33

Health: -6/190     AC: 30    Str: 24    XL:     13   Next: 16%
Magic:  13/15      EV:  1    Int:  6    God:    Okawaru [*****.]
Gold:   3084       SH: 15    Dex: 16    Spells: 12/12 levels left

rFire   + .          .
                       - Unarmed
rCold   . . .        P - +0 kite shield
rNeg    . . .        J - melded +3 troll leather armour {Snorg}
rPois   +            a - melded +2 hat {Will+}
rElec   .            O - melded scarf "Ronnuaru" {rC+ rF+, Dex+4}
rCorr   .            (gloves unavailable)
SInv    .            (boots unavailable)
Will    .....        V - amulet "Googh" {Reflect rF+ Str+2 Slay+3 SH+5}
Stlth   +++          s - +4 ring of protection
HPRegen 1.31/turn    u - +5 ring of evasion
MPRegen 0.14/turn

%: reflection
@: tree-form, heroic
A: stationary, stasis, torment immunity, boosted hp, large, unfitting armour,
(claws 3), regeneration 1, (shaggy fur 1), (tough skin 1)
a: Renounce Religion, Heroism, Finesse, Duel


You were on level 14 of the Dungeon.
You worshipped Okawaru.
Okawaru was extremely pleased with you.
You were a tree.
You visited 2 branches of the dungeon, and saw 15 of its levels.
You also visited: Sewer.

You collected 3324 gold pieces.
You spent 240 gold pieces at shops.


Innate Abilities, Weirdness & Mutations

You are a tree.
Your roots penetrate the ground, keeping you stationary.
You cannot be teleported.
You are immune to unholy pain and torment.
Your maximum health is greatly increased.
Your equipment is partially melded.
You are too large for most types of armour.
((You have claws for hands.))
Your natural rate of healing is unusually fast.
((You are covered in fur. (AC +1)))
((You have tough skin. (AC +1)))


   Skills:
 - Level 8.0(13.0) Fighting
 - Level 8.0(13.0) Dodging
 - Level 19.4(24.4) Unarmed Combat
 - Level 5.0 Invocations
 + Level 4.6 Shapeshifting


You had 12 spell levels left.
You didn't know any spells.
Your spell library contained the following spells:

 Spells                   Type           Power      Damage    Failure   Level
 Sandblast                Erth           0%         2d4       71%         1
 Shock                    Conj/Air       0%         1d3       71%         1
 Ensorcelled Hibernation  Hex/Ice        0%         N/A       83%         2
 Frozen Ramparts          Ice            0%         1d1       97%         3
 Passwall                 Erth           0%         N/A       97%         3
 Stone Arrow              Conj/Erth      0%         3d7       97%         3
 Swiftness                Air            0%         N/A       97%         3
 Airstrike                Air            0%         2d(0-16)  100%        4
 Brom's Barrelling Bould  Conj/Erth      0%         2d3       100%        4
 Leda's Liquefaction      Alch/Erth      0%         N/A       100%        4
 Petrify                  Alch/Erth      0%         N/A       100%        4
 Lee's Rapid Deconstruct  Erth           0%         3d4*      100%        5
 Metabolic Englaciation   Hex/Ice        0%         N/A       100%        5
 Bombard                  Conj/Erth      0%         9d1       100%        6

Inventory:

Hand Weapons
 p - the +8 arc blade {discharge, rElec} rElec: It insulates you from electricity.
 S - a +0 hand cannon of freezing
Missiles
 x - a throwing net {=f}
 E - 11 large rocks {=f}
 G - 2 curare-tipped darts {=f}
Armour
 a - a +2 hat of willpower (melded)
 c - an orb of light
 B - the +0 robe of Greed {rElec Str+3}

   Str+3:     It affects your strength (+3).
   rElec:     It insulates you from electricity.
 H - a +2 cloak
 J - a +3 troll leather armour (melded) {Snorg}
 O - the scarf "Ronnuaru" (melded) {rC+ rF+, Dex+4}

   Dex+4:     It affects your dexterity (+4).
 P - a +0 kite shield (worn)
Jewellery
 d - a +6 ring of dexterity
 s - a +4 ring of protection (left branch)
 u - a +5 ring of evasion (right branch)
 C - a ring of protection from cold
 N - the ring "Jiguolem" {Fly rPois MP+9 Str+8 Int-2}

   [ring of flight]

   Str+8:     It affects your strength (+8).
   Int-2:     It affects your intelligence (-2).
   rPois:     It protects you from poison MP+9: It affects your magic capacity
   (+9).
   Fly:       It grants you flight.
 Q - a ring of willpower
 R - a ring of poison resistance
 V - the amulet "Googh" (around neck) {Reflect rF+ Str+2 Slay+3 SH+5}

   [amulet of reflection]

   Reflect:   It reflects blocked missile attacks.
   Str+2:     It affects your strength (+2).
   Slay+3:    It affects your accuracy & damage with ranged weapons and melee
   (+3).
   rF+:       It protects you from fire.
   SH+5:      It affects your SH (+5).
 X - a ring of positive energy
Talismans
 W - the blade talisman of Rut Edat {rF+ rN+ Will+ Stlth+}

   [blade talisman]

   rF+:       It protects you from fire.
   rN+:       It protects you from negative energy.
   Will+:     It increases your willpower.
   Stlth+:    It makes you more stealthy.
Wands
 w - a wand of mindburst (7)
 y - a wand of paralysis (11)
 D - a wand of digging (5)
 F - a wand of polymorph (9)
Scrolls
 e - 7 scrolls of teleportation {@r4}
 i - 4 scrolls of noise {!r}
 k - 2 scrolls of revelation
 l - 2 scrolls of immolation {!r}
 n - 4 scrolls of blinking
 I - 2 scrolls of enchant weapon {unknown}
 K - a scroll of enchant armour {unknown}
 L - a scroll of fog {unknown}
 M - 2 scrolls of fear
 T - a scroll of brand weapon {unknown}
 U - a scroll of poison {unknown}
Potions
 b - 2 potions of ambrosia
 f - 2 potions of haste {unknown}
 g - 2 potions of cancellation
 h - a potion of might {unknown}
 j - 2 potions of lignification {!q}
 m - a potion of curing {unknown}
 o - 4 potions of enlightenment {unknown}
 q - a potion of mutation {unknown}
 r - 2 potions of brilliance {unknown}
 t - 4 potions of attraction {unknown}
 v - 2 potions of heal wounds {unknown}
 z - 3 potions of magic
 A - 2 potions of degeneration {unknown}
 Y - a potion of berserk rage {unknown}

Dungeon Overview and Level Annotations

Branches:
Dungeon (14/15)            Temple (1/1) D:6            Lair (0/5) D:8
    Orc (0/2) D:10          Sewer (visited)
 Vaults: D:13-14

Altars:
Ashenzari
Cheibriados
Dithmenos
Elyvilon
Fedhas
Gozag
Hepliaklqana
Kikubaaqudgha
Makhleb
Nemelex Xobeh
Okawaru
Qazlal
Ru
Sif Muna
Trog
Uskayaw
Vehumet
Wu Jian
Xom
Yredelemnul
Zin
The Shining One

Shops:
D:4 (   D:8 ?   D:13 (

Annotations:
D:8 exclusion: downstairs
D:9 2 transporters, mohammadb5305's ghost, novice DsCj
D:10 exclusion: downstairs
D:14 Agnes; Louise

......... .▒.....▒
.▒.....▒ ......▒
......▒▒▒ ▒c.../...
▒i▒...... ▒♣▒......
▒.@...... ▒........
▒.)...... ▒▒▒▒▒........
▒............ ▒.
▒▒▒▒▒▒▒▒..▒▒▒.▒......
..▒▒....... ▒▒.........
..▒......▒▒▒▒▒.<▒▒▒▒▒▒▒▒


You could see Louise, Agnes and a centaur warrior.


Message History

Okawaru accepts your kill. You block Agnes's attack.
Unknown command.
You claw Agnes!
Agnes is moderately wounded.
You block Agnes's attack. Agnes closely misses you.
Unknown command.
You closely miss Agnes.
Agnes is moderately wounded.
Agnes hits you with a +0 lajatang!!
* * * LOW HITPOINT WARNING * * *
Unknown command.
It was a potion of lignification.
You turn into a tree.
You feel hot and cold all over.
You feel less strong-willed.
Your roots penetrate the ground.
Agnes hits you with a +0 lajatang!!
* * * LOW HITPOINT WARNING * * *
You block Agnes's attack.
Unknown command.
Unknown command.
Okay, then.
Unknown command.
You smack Agnes!
Agnes is heavily wounded.
Agnes hits you with a +0 lajatang!
You die...
Agnes says, "May you follow the Path of Peace in your next life."

Action                     |  1- 3 |  4- 6 |  7- 9 | 10-12 | 13-15 || total
---------------------------+-------+-------+-------+-------+-------++-------
  Melee: Unarmed           |    88 |   152 |   245 |   440 |    60 ||   985
 Invoke: Heroism           |       |       |       |     5 |     3 ||     8
         Finesse           |       |       |       |     1 |       ||     1
         Receive Weapon    |       |       |       |     1 |       ||     1
         Receive Armour    |       |       |       |     1 |       ||     1
  Evoke: Wand              |       |       |       |     1 |       ||     1
    Use: Scroll            |       |       |       |    11 |       ||    11
         Potion            |       |       |       |       |     1 ||     1
   Stab: Sleeping          |     1 |     1 |       |       |       ||     2
 Armour: Robe              |    50 |    68 |   121 |    26 |       ||   265
         Steam dragon scal |       |       |       |    28 |       ||    28
         Troll leather arm |       |       |       |   191 |    40 ||   231
         Skin              |       |       |       |       |     2 ||     2
  Dodge: Dodged            |    39 |    54 |   202 |   337 |    68 ||   700
  Block: Kite shield       |       |       |       |    25 |    50 ||    75

Levels and vault maps discovered:
D:1:      psy_arrival_wood_between_worlds, layout_loops_ring,
          dreamdust_ecumenical_altar_grove, chequers_serial_rivers_small_a,
          minmay_stone_trees_medium
D:2:      layout_basic, minmay_lizard_king
D:3:      layout_basic
D:4:      layout_loops_ring, grunt_temple_overflow_holy_war,
          cheibrodos_worm_habitat, mainiacjoe_overflow_small_starburst,
          serial_shops, shop, cheibrodos_sewer_entry_bend
D:5:      layout_loops_cross, general_overflow_altar, minivault_25, uniq_edmund
D:6:      layout_loops_ring, temple_green, kennysheep_cross_room
D:7:      cheibrodos_helix_gallery, layout_loops_corners,
          minmay_misc_feat_diagonals, st_stairs_3, hangedman_decor_push
D:8:      layout_loops_ring, nicolae_overflow_crystal_walls, lair_entry_dummy,
          serial_shops, nicolae_shop_real_fake_doors, grunt_decor_mini_mirrors,
          uniq_gastronok
D:9:      layout_roguey, gammafunk_ghost_smash
D:10:     layout_layer_cave, ashenzari_altar_1, old_standard_altar, david_orc_3,
          minmay_joined_circles, uniq_maggie, uniq_snorg
D:11:     minmay_the_grid_square_5x5_3x3 [minmay_the_grid_square_5x5_two,
          minmay_the_grid_square_5x5_checkered_sparse,
          minmay_the_grid_square_5x5_moneybag,
          minmay_the_grid_square_5x5_six_small,
          minmay_the_grid_square_5x5_megaprize_diamond,
          minmay_the_grid_square_5x5_longway, minmay_the_grid_square_5x5_lines,
          minmay_the_grid_square_5x5_n, minmay_the_grid_square_5x5_two_walls_b],
          layout_stronghold, uniq_fannar
D:12:     layout_stronghold
D:13:     layout_big_octagon, st_stairs_7, nicolae_shop_firing_range,
          uniq_rupert
D:14:     layout_rooms, grunt_vaults_entry_tiered, serial_shops,
          nicolae_shop_statue_plus, nemelex_lonely_heart_becter, minivault_24,
          uniq_louise, uniq_agnes
Temple:   compressed_dpeg_circular_temple

Notes
Turn   | Place    | Note
-------+----------+-------------------------------------------
     0 | D:1      | sanka the Troll Monk began the quest for the Orb.
     0 | D:1      | Reached XP level 1. HP: 22/22 MP: 0/0
    82 | D:1      | Reached XP level 2. HP: 29/29 MP: 1/1
   430 | D:1      | Reached skill level 3 in Fighting
   513 | D:1      | Found a faded altar of an unknown god.
   962 | D:2      | Reached XP level 3. HP: 37/37 MP: 2/2
  1046 | D:2      | Reached skill level 4 in Unarmed Combat
  1390 | D:2      | Reached XP level 4. HP: 45/45 MP: 3/3
  1646 | D:3      | Reached skill level 5 in Unarmed Combat
  1656 | D:3      | Reached XP level 5. HP: 51/53 MP: 4/4
  1850 | D:4      | Found a hazy altar of Hepliaklqana.
  1963 | D:4      | Found a snail-covered altar of Cheibriados.
  1980 | D:4      | Found a glowing golden altar of the Shining One.
  1982 | D:4      | Noticed an angel
  1991 | D:4      | Found a basalt altar of Yredelemnul.
  1995 | D:4      | Reached skill level 6 in Unarmed Combat
  2019 | D:4      | Reached XP level 6. HP: 37/61 MP: 5/5
  2054 | D:4      | Found a glowing drain.
  2071 | Sewer    | Entered a sewer
  2258 | Sewer    | Reached skill level 7 in Unarmed Combat
  2295 | Sewer    | Found the +8 arc blade {discharge, rElec}
  2415 | D:4      | Noticed an ice beast
  2422 | D:4      | Killed an ice beast
  2423 | D:4      | Reached skill level 8 in Unarmed Combat
  2423 | D:4      | Reached XP level 7. HP: 49/67 MP: 6/6
  2425 | D:4      | Identified the +3 falchion "Myulopoi" {pain, Str+3}
  2652 | D:4      | Found Ciud's Antique Weapon Shoppe.
  2835 | D:5      | Entered Level 5 of the Dungeon
  2977 | D:5      | Found an ancient bone altar of Kikubaaqudgha.
  2986 | D:5      | Reached skill level 9 in Unarmed Combat
  3097 | D:5      | Noticed Edmund
  3104 | D:5      | Reached XP level 8. HP: 75/75 MP: 7/7
  3111 | D:5      | Killed Edmund
  3115 | D:5      | Reached skill level 10 in Unarmed Combat
  3675 | D:6      | Found a staircase to the Ecumenical Temple.
  3736 | Temple   | Entered the Ecumenical Temple
  3746 | Temple   | Became a worshipper of Warmaster Okawaru
  3746 | Temple   | Reached * piety under Okawaru
  3746 | Temple   | Reached ** piety under Okawaru
  3965 | D:6      | Reached skill level 4 in Fighting
  4449 | D:6      | Reached skill level 1 in Invocations
  4515 | D:7      | Reached skill level 3 in Dodging
  4521 | D:7      | Reached skill level 2 in Invocations
  4654 | D:7      | Reached skill level 5 in Fighting
  4657 | D:7      | Reached XP level 9. HP: 21/82 MP: 9/9
  4791 | D:7      | Reached *** piety under Okawaru
  4792 | D:7      | Reached skill level 3 in Invocations
  4902 | D:7      | Reached skill level 4 in Dodging
  5490 | D:8      | Identified the +0 robe of Greed {rElec Str+3}
  5528 | D:8      | Found a staircase to the Lair.
  5729 | D:8      | Reached skill level 4 in Invocations
  5741 | D:8      | Reached skill level 6 in Fighting
  5812 | D:8      | Noticed Gastronok
  5856 | D:8      | Killed Gastronok
  5856 | D:8      | Reached **** piety under Okawaru
  5857 | D:8      | Reached skill level 5 in Dodging
  5857 | D:8      | Reached skill level 5 in Invocations
  5857 | D:8      | Reached XP level 10. HP: 61/100 MP: 12/12
  5915 | D:8      | Reached skill level 7 in Fighting
  5955 | D:8      | Reached ***** piety under Okawaru
  5982 | D:8      | Found a shimmering blue altar of Sif Muna.
  6132 | D:8      | Found Roecyth's Magic Scroll Emporium.
  6135 | D:8      | Bought a scroll of identify for 26 gold pieces
  6135 | D:8      | Bought a scroll of teleportation for 39 gold pieces
  6135 | D:8      | Bought a scroll of blinking for 97 gold pieces
  6135 | D:8      | Bought a scroll of identify for 26 gold pieces
  6136 | D:8      | Identified a scroll of acquirement
  6138 | D:8      | Acquired 1203 gold pieces
  6140 | D:8      | Bought a scroll of immolation for 52 gold pieces
  6300 | D:9      | Found a transporter.
  6300 | D:9      | Found a transporter.
  6302 | D:9      | Noticed mohammadb5305's ghost (novice DsCj)
  6302 | D:9      | Noticed a two-headed ogre
  6302 | D:9      | Noticed a two-headed ogre
  6303 | D:9      | Noticed a two-headed ogre
  6306 | D:9      | Noticed a two-headed ogre
  6400 | D:9      | Reached skill level 6 in Dodging
  6433 | D:9      | Identified the +0 scale mail of Pathos {Harm Stlth+}
  6932 | D:10     | Entered Level 10 of the Dungeon
  6933 | D:10     | Found a broken altar of Ashenzari.
  6946 | D:10     | Identified +0 steam dragon scales
  6946 | D:10     | Noticed Maggie
  6959 | D:10     | Killed Maggie
  7076 | D:10     | Found a burning altar of Makhleb.
  7115 | D:10     | Acquired a manual of Unarmed Combat
  7161 | D:10     | Noticed a two-headed ogre
  7164 | D:10     | Noticed a two-headed ogre
  7182 | D:10     | Killed a two-headed ogre
  7183 | D:10     | Reached skill level 11 in Unarmed Combat
  7192 | D:10     | Killed a two-headed ogre
  7193 | D:10     | Reached skill level 8 in Fighting
  7251 | D:10     | Found a staircase to the Orcish Mines.
  7383 | D:10     | Received a gift from Okawaru
  7384 | D:10     | Reached skill level 7 in Dodging
  7384 | D:10     | Reached skill level 12 in Unarmed Combat
  7491 | D:10     | Noticed Snorg
  7503 | D:10     | Killed Snorg
  7504 | D:10     | Reached XP level 11. HP: 94/111 MP: 11/13
  7552 | D:10     | Reached skill level 13 in Unarmed Combat
  7693 | D:10     | Identified the +4 dagger "sanka's Foe" {antimagic, rElec
                  | rPois Will++ Stlth-}
  8167 | D:11     | Noticed a fire dragon
  8169 | D:11     | Noticed a tengu warrior
  8186 | D:11     | Killed a fire dragon
  8187 | D:11     | Reached skill level 14 in Unarmed Combat
  8204 | D:11     | Noticed a boulder beetle
  8210 | D:11     | Reached skill level 8 in Dodging
  8217 | D:11     | Killed a tengu warrior
  8218 | D:11     | Reached skill level 15 in Unarmed Combat
  8226 | D:11     | Killed a boulder beetle
  8226 | D:11     | Reached ****** piety under Okawaru
  8226 | D:11     | Received a gift from Okawaru
  8227 | D:11     | Reached skill level 16 in Unarmed Combat
  8315 | D:11     | Identified the ring "Jiguolem" {Fly rPois MP+9 Str+8 Int-2}
  8343 | D:11     | Noticed a boulder beetle
  8360 | D:11     | Killed a boulder beetle
  8394 | D:11     | Noticed Fannar
  8411 | D:11     | Killed Fannar
  8412 | D:11     | Reached XP level 12. HP: 116/119 MP: 14/14
  8428 | D:11     | Noticed a two-headed ogre
  8429 | D:11     | Identified the +8 quarterstaff "Ninaisuj" {freeze, ^Fragile
                  | rPois rN+ Dex+4}
  8429 | D:11     | Noticed an ogre mage
  8437 | D:11     | Killed a two-headed ogre
  8438 | D:11     | Reached skill level 17 in Unarmed Combat
  8444 | D:11     | Killed an ogre mage
  8842 | D:11     | Acquired the amulet "Googh" {Reflect rF+ Str+2 Slay+3 SH+5}
  8844 | D:11     | Acquired 1283 gold pieces
  9048 | D:12     | Received a gift from Okawaru
  9127 | D:12     | Reached skill level 18 in Unarmed Combat
  9135 | D:12     | Acquired the scarf "Ronnuaru" {rC+ rF+, Dex+4}
  9135 | D:12     | Received a gift from Okawaru
  9468 | D:12     | Noticed a boulder beetle
  9476 | D:12     | Killed a boulder beetle
  9486 | D:12     | Received a gift from Okawaru
  9591 | D:12     | Identified the blade talisman of Rut Edat {rF+ rN+ Will+
                  | Stlth+}
  9802 | D:12     | Noticed a boulder beetle
  9810 | D:12     | Killed a boulder beetle
 10112 | D:13     | Noticed a two-headed ogre
 10114 | D:13     | Noticed a centaur warrior
 10117 | D:13     | Killed a two-headed ogre
 10118 | D:13     | Reached skill level 1 in Shapeshifting
 10119 | D:13     | Noticed Rupert
 10137 | D:13     | Killed a centaur warrior
 10138 | D:13     | Reached skill level 19 in Unarmed Combat
 10138 | D:13     | Reached skill level 2 in Shapeshifting
 10150 | D:13     | Killed Rupert
 10150 | D:13     | Received a gift from Okawaru
 10157 | D:13     | Reached skill level 3 in Shapeshifting
 10207 | D:13     | Acquired a +0 hand cannon of freezing
 10207 | D:13     | Received a gift from Okawaru
 10243 | D:13     | Noticed a five-headed hydra
 10257 | D:13     | Noticed a seven-headed hydra
 10280 | D:12     | Killed an 11-headed hydra
 10299 | D:13     | Killed a 12-headed hydra
 10300 | D:13     | Reached XP level 13. HP: 114/127 MP: 9/15
 10377 | D:13     | Found Myqogys's Firing Range.
 10519 | D:13     | Reached skill level 4 in Shapeshifting
 10740 | D:14     | Found a sparkling altar of Nemelex Xobeh.
 10783 | D:14     | Noticed Louise
 10783 | D:14     | Noticed Agnes
 10802 | D:14     | HP: 9/190 [Agnes/+0 lajatang (20)]
 10803 | D:14     | Mangled by Agnes

Vanquished Creatures
  Rupert (D:13)
  Gastronok (D:8)
  Snorg (D:10)
  A fire dragon (D:11)
  Fannar (D:11)
  4 hydras
  An ogre mage (D:11)
  A centaur warrior (D:13)
  4 two-headed ogres
  4 boulder beetles
  A tengu warrior (D:11)
  3 skeletal warriors (D:12)
  A salamander (shapeshifter) (D:14)
  An ugly thing (D:11)
  A cyclops (D:11)
  4 manticores
  2 gargoyles
  Maggie (D:10)
  An unseen horror (D:12)
  2 kobold demonologists
  2 tengu conjurers (D:13)
  4 trolls
  2 shadows
  12 yaks
  A wyvern (D:10)
  2 basilisks
  A hog (shapeshifter) (D:13)
  4 wraiths
  11 vampire mosquitoes
  Edmund (D:5)
  A water moccasin (D:7)
  4 orc warriors
  2 ice beasts
  4 sky beasts
  A black bear (D:8)
  An ogre (D:6)
  2 centaurs
  A phantom (D:7)
  6 kobold brigands
  A gnoll sergeant (D:8)
  5 bullfrogs
  6 scorpions
  12 wights
  5 killer bees (D:9)
  10 howler monkeys
  5 jellies
  4 hounds
  5 orc priests
  2 sleepcaps
  3 iguanas
  10 orc wizards
  8 gnolls
  10 adders
  2 shadow imps
  3 white imps
  2 ufetubi (D:7)
  6 ribbon worms
  14 dart slugs
  25 orcs
  17 endoplasms
  9 giant cockroaches
  7 goblins
  4 hobgoblins
  8 jackals (D:1)
  2 quokkas
  3 training dummies (D:13)
  15 ball pythons
  3 bats
  22 frilled lizards
  15 kobolds
  4 rats
345 creatures vanquished.
